 Dungeon Crawl Stone Soup version 0.24.0-13-gcf9b319 (webtiles) character file.

Game seed: 212920986200912467, levelgen mode: deterministic

1051 Dabs the Fighter (level 8, -1/74 HPs)
             Began as a Gnoll Wanderer on Jan 18, 2020.
             Was an Initiate of Okawaru.
             Slain by an orc warrior
             ... wielding a +0 broad axe
              (25 damage)
             ... on level 6 of the Dungeon.
             The game lasted 00:07:59 (6903 turns).

Dabs the Fighter (Gnoll Wanderer)                   Turns: 6903, Time: 00:08:00

Health: -1/74      AC:  3    Str: 15    XL:     8   Next: 26%
Magic:  12/12      EV: 19    Int: 16    God:    Okawaru [......]
Gold:   523        SH:  0    Dex: 20    Spells: 13/13 levels left

rFire    + . .     SeeInvis .   y - +2 whip (elec)
rCold    . . .     Gourm    .   (no shield)
rNeg     . . .     Faith    .   e - +0 robe
rPois    +         Spirit   .   (no helmet)
rElec    .         Reflect  .   E - scarf {repulsion}
rCorr    .         Harm     .   D - +0 pair of gloves
MR       .....                  (no boots)
Stlth    ++++......             v - amulet of the acrobat
HPRegen  0.22/turn              z - ring of poison resistance
MPRegen  0.13/turn              F - ring of protection from fire

@: agile, repel missiles
A: distributed training, fangs 1, strong nose
a: Renounce Religion


You were on level 6 of the Dungeon.
You worshipped Okawaru.
Okawaru was noncommittal.
You were hungry.

You visited 2 branches of the dungeon, and saw 7 of its levels.

You collected 523 gold pieces.

Inventory:

Hand Weapons
 a - a +2 dagger
 c - a +0 quarterstaff
 h - a +0 hunting sling
 m - a +2 dagger of freezing
 r - a +0 short sword of draining
 y - a +2 whip of electrocution (weapon)
Missiles
 n - 161 stones (quivered)
 s - 143 arrows
Armour
 e - a +0 robe (worn)
 D - a +0 pair of gloves (worn)
 E - a scarf of repulsion (worn)
Jewellery
 v - an amulet of the acrobat (around neck)
 z - a ring of poison resistance (left hand)
 F - a ring of protection from fire (right hand)
Scrolls
 b - a scroll of random uselessness {unknown}
 d - 4 scrolls of teleportation
 g - a scroll of enchant weapon {unknown}
 j - a scroll of immolation {unknown}
 k - 3 scrolls of magic mapping {unknown}
 l - 2 scrolls of identify
 q - 2 scrolls of remove curse {unknown}
 A - 2 scrolls of enchant armour {unknown}
 B - a scroll of amnesia {unknown}
 H - a scroll of fog {unknown}
 I - a scroll of fear
Potions
 i - 2 potions of mutation
 o - a potion of magic
 p - 2 potions of flight
 t - a potion of curing
 w - a potion of degeneration {unknown}
 C - a potion of might
 G - a potion of lignification {unknown}
Comestibles
 f - 6 rations


   Skills:
 + Level 10.8 Fighting
 + Level 3.0 Short Blades
 + Level 3.0 Long Blades
 + Level 3.0 Axes
 + Level 3.0 Maces & Flails
 + Level 3.0 Polearms
 + Level 4.0 Staves
 + Level 3.0 Slings
 + Level 3.0 Bows
 + Level 3.0 Crossbows
 + Level 3.0 Throwing
 + Level 3.0 Armour
 + Level 3.0 Dodging
 + Level 5.2 Stealth
 + Level 4.0 Shields
 + Level 3.0 Unarmed Combat
 + Level 3.0 Spellcasting
 + Level 2.4 Conjurations
 + Level 2.4 Hexes
 + Level 2.4 Charms
 + Level 2.4 Summonings
 + Level 2.4 Necromancy
 + Level 2.4 Translocations
 + Level 2.4 Transmutations
 + Level 2.4 Fire Magic
 + Level 2.4 Ice Magic
 + Level 2.4 Air Magic
 + Level 2.4 Earth Magic
 + Level 2.4 Poison Magic
 + Level 3.3 Invocations
 + Level 4.0 Evocations


You had 13 spell levels left.
You didn't know any spells.
Your spell library was empty.

Dungeon Overview and Level Annotations

Branches:
Dungeon (6/15)             Temple (1/1) D:4

Altars:
Ashenzari
Cheibriados
Dithmenos
Elyvilon
Fedhas
Gozag
Hepliaklqana
Kikubaaqudgha
Nemelex Xobeh
Okawaru
Qazlal
Ru
Sif Muna
Uskayaw
Vehumet
Wu Jian
Xom
Yredelemnul
Zin
The Shining One

Shops:
D:4 }


Innate Abilities, Weirdness & Mutations

Your experience applies equally to all skills.
You have very sharp teeth.
Your uncanny sense of smell can sniff out nearby items.


Message History

The orc warrior is severely wounded.
You closely miss the orc warrior.
The orc warrior is severely wounded.
The orc warrior misses you.
You closely miss the orc warrior. Your bite misses the orc warrior.
The orc warrior is severely wounded.
The orc warrior misses you.
You barely miss the orc warrior.
The orc warrior is severely wounded.
The orc warrior barely misses you.
You hit the orc warrior.
The orc warrior is severely wounded.
You hit the orc warrior but do no damage.
The orc warrior is severely wounded.
The orc warrior hits you with a +0 broad axe!!
* * * LOW HITPOINT WARNING * * *
Unknown command.
You feel much better.
The orc warrior hits you with a +0 broad axe!!
You die...

### ## ### #.### #<
#.## #...# #. #..
#.#.# #. #.# #.#.#
#)###.### #.#.#
#oo@....# #.#.#
#####.#.# ##.#.#######
#.#.# .....>......
..#.#
##.#.###############.#
##.#.................#
#.###################
.... ....


You could see an orc warrior and an orc.

Vanquished Creatures
  Grinder (D:5)
  An orc warrior (D:6)
  A sky beast (D:4)
  2 scorpions (D:4)
  A water moccasin skeleton (D:5)
  A howler monkey (D:6)
  2 crimson imps (D:6)
  2 hounds
  2 orc priests
  A bullfrog skeleton (D:5)
  A centaur skeleton (D:5)
  2 orc wizards
  An iguana (D:4)
  A worker ant (D:4)
  A hound zombie (D:6)
  2 adders (D:4)
  2 oozes
  2 worms
  4 leopard geckos
  18 orcs
  10 bats
  4 giant cockroaches
  8 goblins
  9 hobgoblins
  4 jackals (D:6)
  A quokka (D:4)
  2 ball pythons
  8 frilled lizards
  4 kobolds
  A quokka skeleton (D:4)
  6 rats (D:1)
105 creatures vanquished.

Notes
Turn   | Place    | Note
-------+----------+-------------------------------------------
     0 | D:1      | Reached skill level 10 in Fighting
     0 | D:1      | Dabs the Gnoll Wanderer began the quest for the Orb.
     0 | D:1      | Dabs set off with the following items: a +2 dagger, a
                  | scroll of fear, a +0 quarterstaff, a scroll of
                  | teleportation, a +0 robe, a ration
     0 | D:1      | Reached XP level 1. HP: 28/28 MP: 2/2
   176 | D:1      | Reached XP level 2. HP: 34/36 MP: 3/3
   339 | D:1      | Reached XP level 3. HP: 18/42 MP: 4/4
  1304 | D:2      | Reached skill level 1 in Invocations
  1566 | D:2      | Noticed a centaur
  1747 | D:3      | Reached skill level 1 in Short Blades
  1747 | D:3      | Reached skill level 1 in Long Blades
  1747 | D:3      | Reached skill level 1 in Axes
  1747 | D:3      | Reached skill level 1 in Maces & Flails
  1747 | D:3      | Reached skill level 1 in Polearms
  1747 | D:3      | Reached skill level 1 in Slings
  1747 | D:3      | Reached skill level 1 in Bows
  1747 | D:3      | Reached skill level 1 in Crossbows
  1747 | D:3      | Reached skill level 1 in Throwing
  1747 | D:3      | Reached skill level 1 in Armour
  1747 | D:3      | Reached skill level 1 in Dodging
  1747 | D:3      | Reached skill level 1 in Unarmed Combat
  1747 | D:3      | Reached skill level 1 in Spellcasting
  1879 | D:3      | Found a shimmering blue altar of Sif Muna.
  1979 | D:3      | Reached XP level 4. HP: 47/48 MP: 6/6
  2363 | D:3      | Found a shimmering altar of Xom.
  2366 | D:3      | Found a glowing silver altar of Zin.
  2417 | D:4      | Found a staircase to the Ecumenical Temple.
  2430 | D:4      | Reached skill level 1 in Conjurations
  2430 | D:4      | Reached skill level 1 in Hexes
  2430 | D:4      | Reached skill level 1 in Charms
  2430 | D:4      | Reached skill level 1 in Summonings
  2430 | D:4      | Reached skill level 1 in Necromancy
  2430 | D:4      | Reached skill level 1 in Translocations
  2430 | D:4      | Reached skill level 1 in Transmutations
  2430 | D:4      | Reached skill level 1 in Fire Magic
  2430 | D:4      | Reached skill level 1 in Ice Magic
  2430 | D:4      | Reached skill level 1 in Air Magic
  2430 | D:4      | Reached skill level 1 in Earth Magic
  2430 | D:4      | Reached skill level 1 in Poison Magic
  2439 | Temple   | Entered the Ecumenical Temple
  2736 | D:4      | Found Omesi's Gadget Boutique.
  2807 | D:4      | Reached XP level 5. HP: 23/54 MP: 7/7
  3035 | D:4      | Noticed a sky beast
  3047 | D:4      | Killed a sky beast
  3047 | D:4      | Reached XP level 6. HP: 21/61 MP: 8/8
  3760 | D:4      | Found an iron altar of Okawaru.
  4355 | D:4      | Found an ornate altar of the Wu Jian Council.
  4517 | D:5      | Entered Level 5 of the Dungeon
  4539 | D:5      | Reached XP level 7. HP: 35/67 MP: 10/10
  4824 | D:5      | Noticed Grinder
  4829 | D:5      | Paralysed by Grinder for 3 turns
  5417 | D:5      | Killed Grinder
  5417 | D:5      | Reached skill level 5 in Stealth
  5781 | D:4      | Became a worshipper of Warmaster Okawaru
  6517 | D:6      | Reached XP level 8. HP: 74/74 MP: 12/12
  6701 | D:6      | Found a blossoming altar of Fedhas.
  6902 | D:6      | HP: 1/74 [orc warrior/+0 broad axe (19)]
  6903 | D:6      | Slain by an orc warrior

Levels and vault maps discovered:
D:1:      minmay_arrival_glassed_features, layout_basic
D:2:      layout_basic, first_ration, chequers_arboretum, lightli_corner_chamber
D:3:      layout_loops_ring, nicolae_overflow_hidden_temple, zin_academy,
          lemuel_crystal_altar
D:4:      minmay_chambers_of_twos, layout_loops_ring, marbit_many_paths,
          minmay_temple_entry_mini_moons, serial_shops, shop, okawaru_trees_1
D:5:      layout_gridville, nrook_pool_corridor, uniq_grinder
D:6:      layout_basic, nicolae_overflow_crystal_walls, serial_glass,
          glass_columns_a, glass_columns_a, glass_columns_c, glass_columns_a,
          glass_columns_a, glass_columns_b, minmay_crystal_room
Temple:   dpeg_chambers_temple

Skill      XL: |  1  2  3  4  5  6  7  8 |
---------------+-------------------------+-----
Fighting       | | 10.8
Invocations    | 1 2 3 |  3.3
Short Blades   | 1 2 3 |  3.0
Long Blades    | 1 2 3 |  3.0
Axes           | 1 2 3 |  3.0
Maces & Flails | 1 2 3 |  3.0
Polearms       | 1 2 3 |  3.0
Slings         | 1 2 3 |  3.0
Bows           | 1 2 3 |  3.0
Crossbows      | 1 2 3 |  3.0
Throwing       | 1 2 3 |  3.0
Armour         | 1 2 3 |  3.0
Dodging        | 1 2 3 |  3.0
Unarmed Combat | 1 2 3 |  3.0
Spellcasting   | 1 2 3 |  3.0
Conjurations   | 1 2 |  2.4
Hexes          | 1 2 |  2.4
Charms         | 1 2 |  2.4
Summonings     | 1 2 |  2.4
Necromancy     | 1 2 |  2.4
Translocations | 1 2 |  2.4
Transmutations | 1 2 |  2.4
Fire Magic     | 1 2 |  2.4
Ice Magic      | 1 2 |  2.4
Air Magic      | 1 2 |  2.4
Earth Magic    | 1 2 |  2.4
Poison Magic   | 1 2 |  2.4
Staves         | 3 4 |  4.0
Shields        | 3 4 |  4.0
Evocations     | 3 4 |  4.0
Stealth        | 5 |  5.2

Action                   |  1- 3 |  4- 6 |  7- 9 || total
-------------------------+-------+-------+-------++-------
Melee: Dagger            |   142 |    12 |       ||   154
       Bite              |    12 |     7 |    23 ||    42
       Whip              |       |    67 |   149 ||   216
       Punch             |       |       |     1 ||     1
 Fire: Hunting sling     |     4 |       |       ||     4
  Use: Scroll            |     4 |       |     8 ||    12
       Potion            |       |     1 |     4 ||     5
 Stab: Sleeping          |    12 |     9 |     2 ||    23
       Distracted        |       |       |     2 ||     2
  Eat: Chunk             |     3 |     8 |     7 ||    18
Armor: Robe              |    29 |     2 |    19 ||    50
Dodge: Dodged            |   100 |    39 |    96 ||   235
